 Dungeon Crawl Stone Soup version 0.28-a0-1038-g9c4cb8273d (webtiles) character file.

Game seed: 16866700498242322091

42 CougarLife the Skirmisher (level 3, -7/36 HPs)
             Began as a Troll Fighter on Dec 8, 2021.
             Mangled by a gnoll (8 damage)
             ... on level 2 of the Dungeon.
             The game lasted 00:00:37 (790 turns).

CougarLife the Skirmisher (Troll Fighter)            Turns: 790, Time: 00:00:37

Health: -7/36      AC:  4    Str: 24    XL:     3   Next: 35%
Magic:  2/2        EV:  8    Int:  6    God:
Gold:   56         SH:  7    Dex:  9    Spells: 2/2 levels left

rFire   . . .      SeeInvis .     - Unarmed
rCold   . . .      Faith    .   b - +0 kite shield
rNeg    . . .      Spirit   .   a - +0 robe
rPois   .          Reflect  .   (helmet restricted)
rElec   .          Harm     .   (no cloak)
rCorr   .          Rampage  .   (gloves unavailable)
Will    .....                   (boots unavailable)
Stlth   +.........              (no amulet)
HPRegen 0.92/turn               (no ring)
MPRegen 0.08/turn               (no ring)

@: no status effects
A: large, unfitting armour, claws 3, regeneration 1, shaggy fur 1, tough skin 1
a: no special abilities


You were on level 2 of the Dungeon.
You visited 1 branch of the dungeon, and saw 2 of its levels.

You collected 56 gold pieces.

Inventory:

Armour
 a - a +0 robe (worn)
 b - a +0 kite shield (worn)
Scrolls
 d - 2 scrolls of identify {unknown}
Potions
 c - a potion of might
 e - a potion of mutation {unknown}


   Skills:
 + Level 2.9 Fighting
 + Level 2.9 Dodging
 + Level 2.9 Shields
 - Level 2.0 Unarmed Combat


You had 2 spell levels left.
You didn't know any spells.
Your spell library was empty.

Dungeon Overview and Level Annotations

Branches:
Dungeon (2/15)

Altars:


Innate Abilities, Weirdness & Mutations

You are too large for most types of armour.
You have claws for hands.
Your natural rate of healing is unusually fast.
You are covered in fur. (AC +1)
You have tough skin. (AC +1)


Message History

You claw the adder!
The adder is almost dead.
The adder closely misses you. The kobold hits you with a +0 club.
You block the adder's attack.
There are monsters nearby!
You claw the adder!
You kill the adder!
You block the kobold's attack. The kobold closely misses you.
There are monsters nearby!
You scratch the kobold.
The kobold is heavily wounded.
The kobold hits you with a +0 club.
There are monsters nearby!
You barely miss the kobold.
The kobold is heavily wounded.
The gnoll hits you with a +0 flail! The kobold closely misses you.
There are monsters nearby!
You claw the kobold!
You kill the kobold!
The gnoll hits you with a +0 flail.
There are monsters nearby!
There are monsters nearby!
You completely miss the gnoll. The gnoll hits you with a +0 club.
The gnoll hits you with a +0 flail!
* * * LOW HITPOINT WARNING * * *
The gnoll completely misses you.
There are monsters nearby!
You are too injured to fight recklessly!
There are monsters nearby!
You are too injured to fight recklessly!
Unknown command.
There are monsters nearby!
You are too injured to fight recklessly!
You are too injured to fight recklessly!
You scratch the gnoll.
The gnoll is lightly wounded.
The gnoll hits you with a +0 flail.
* * * LOW HITPOINT WARNING * * *
You block the gnoll's attack. The gnoll hits you with a +0 flail!
You die...

##.....##.....
.........####.....
..........####+#...
..........#........
..........#......#
..........#......#
.........#......##
.........#gg......
........#@.......
.................
.................
.................
...###+####......
... ...... ..
...... #....# ...


You could see 2 gnolls.

Vanquished Creatures
  An adder (D:2)
  A gnoll (D:1)
  4 ball pythons
  3 giant cockroaches (D:1)
  4 hobgoblins (D:1)
  5 kobolds
  A quokka (D:1)
  A frilled lizard (D:1)
  A goblin (D:1)
  A rat (D:1)
22 creatures vanquished.

Notes
Turn   | Place    | Note
-------+----------+-------------------------------------------
     0 | D:1      | CougarLife the Troll Fighter began the quest for the Orb.
     0 | D:1      | Reached XP level 1. HP: 22/22 MP: 0/0
    86 | D:1      | Reached XP level 2. HP: 29/29 MP: 1/1
   354 | D:1      | Reached XP level 3. HP: 36/36 MP: 2/2
   790 | D:2      | HP: 1/36 [gnoll (5)]
   790 | D:2      | Mangled by a gnoll

Illustrated notes

Levels and vault maps discovered:
D:1:      lightli_arrival_statuegarden, layout_basic
D:2:      layout_basic, shapermc_ecumenical_altar_mp_vishouse

Action                   || total
-------------------------++-------
Melee: Unarmed           ||    55
Armor: Robe              ||    13
Dodge: Dodged            ||    26
Block: Kite shield       ||    22

Table legend: (Time is in decaauts)
 A = Elapsed time spent in this place.
 B = Non-inter-level travel time spent in this place.
 C = Inter-level travel time spent in this place.
 D = Time resting spent in this place.
 E = Time spent auto-exploring this place.
 F = Levels seen in this place.
 G = Mean time per level.
                   A        B        C        D        E       F      G
               +--------+--------+--------+--------+--------+-----+--------+
         Total |    799 |    736 |     63 |      0 |    608 |   2 |  399.5 |
       Dungeon |    799 |    736 |     63 |      0 |    608 |   2 |  399.5 |
               +--------+--------+--------+--------+--------+-----+--------+

Top non-repeatable levels by time:
     D:1: 760 daAuts
     D:2: 38 daAuts
